AoeStats
← Grossi

Arabia

504331148Analyzed
2v2 RM · 27d ago on Sep 4, 2026· 26m 41s· 4 players
Game mode
Random Map
Map size
Medium (4 player)
Population
200
Speed
Normal
Resources
Standard
Victory
Conquest
Starting age
Dark Age
Ending age
Imperial Age
RankedLock teamsTeams togetherTeam positionsShared explorationLock speedFull tech treeHidden civsTurbo modeCheats
Victory
Defeat
1437
+11
🇪🇸 Franks · Spain
1338
+15
🇧🇷 Ethiopians · Brazil
1430
-17
🇵🇪 Franks · Peru
1204
-9
[KBRA] Huracan_Parre
7:19 Loom
9:12 Feudal Age
8:12 Loom
9:53 Double-Bit Axe
14:32 Fletching
17:39 Padded Archer Armor
18:23 Horse Collar
21:20 Wheelbarrow
23:59 Castle Age
24:46 Bodkin Arrow
24:17 Crossbowman
27:39 Ballistics
[KBRA] tity97tian
6:03 Loom
9:24 Feudal Age
9:57 Double-Bit Axe
16:07 Scale Barding Armor
16:15 Forging
21:32 Castle Age
20:21 Scale Barding Armor
20:14 Gold Mining
22:31 Bow Saw
23:58 Chain Barding Armor
25:53 Husbandry
moramarlon18
6:06 Loom
9:00 Feudal Age
9:40 Double-Bit Axe
13:40 Scale Barding Armor
15:03 Forging
25:01 Castle Age
24:38 Stone Mining
25:12 Elite Skirmisher
25:44 Fletching
25:55 Padded Archer Armor
26:05 Husbandry
Grossi
3:28 Loom
10:59 Feudal Age
18:19 Castle Age
17:04 Horse Collar
17:25 Double-Bit Axe
18:24 Fletching
19:15 Bodkin Arrow
19:00 Crossbowman
20:48 Padded Archer Armor
21:00 Gold Mining
24:52 Ballistics
25:32 Leather Archer Armor
Connection lost

Rejoining the realm…

Still unreachable

The connection could not be restored.

Session expired

The server has moved on; the page needs a fresh start.